 Dungeon Crawl Stone Soup version 0.30-a0-782-ge64f9170bb (webtiles) character file.

Game seed: 9725030543440420799

291 epen the Grasshopper (level 6, -6/51 HPs)
             Began as a Gnoll Warper on Feb 27, 2023.
             Was a Believer of Kikubaaqudgha.
             Mangled by a kobold brigand
             ... wielding a +2 short sword of electrocution
              (20 damage)
             ... on level 4 of the Dungeon.
             The game lasted 00:05:21 (2946 turns).

epen the Grasshopper (Gnoll Warper)                 Turns: 2946, Time: 00:05:22

Health: -6/51      AC:  6    Str: 11    XL:     6   Next: 32%
Magic:  14/14      EV: 12    Int: 12    God:    Kikubaaqudgha [**....]
Gold:   142        SH:  0    Dex: 13    Spells: 12/15 levels left

rFire   . . .      SeeInvis .    h - +1 falchion (elec)
rCold   . . .      Faith    .    (no shield)
rNeg    . . .      Spirit   .    n - +1 ring mail
rPois   .          Reflect  .    (no helmet)
rElec   .          Harm     .    (no cloak)
rCorr   +          Rampage  .    (no gloves)
Will    .....                    (no boots)
Stlth   +                        (no amulet)
HPRegen 0.28/turn                q - ring of resist corrosion
MPRegen 0.14/turn                (no ring)

@: hasted, very quick
A: fangs 1, strong nose, distributed training
a: Renounce Religion, Unearth Wretches


You were on level 4 of the Dungeon.
You worshipped Kikubaaqudgha.
Kikubaaqudgha was pleased with you.
You visited 1 branch of the dungeon, and saw 4 of its levels.

You collected 142 gold pieces.

Inventory:

Hand Weapons
 a - a +0 falchion
 h - a +1 falchion of electrocution (weapon)
Missiles
 d - 7 boomerangs of dispersal (quivered)
Armour
 b - a +0 leather armour
 n - a +1 ring mail (worn)
Jewellery
 q - a ring of resist corrosion (left hand)
Scrolls
 c - 2 scrolls of blinking
 e - 3 scrolls of poison
Potions
 i - a potion of brilliance
 l - 2 potions of mutation
 o - 2 potions of resistance
 p - a potion of might {unknown}
 r - a potion of lignification {unknown}


   Skills:
 + Level 5.0 Fighting
 + Level 2.0 Short Blades
 + Level 5.0 Long Blades
 + Level 2.0 Axes
 + Level 2.0 Maces & Flails
 + Level 2.0 Polearms
 + Level 2.0 Staves
 + Level 2.0 Ranged Weapons
 + Level 3.2 Throwing
 + Level 3.2 Armour
 + Level 5.0 Dodging
 + Level 2.0 Stealth
 + Level 2.0 Shields
 + Level 2.0 Unarmed Combat
 + Level 5.4 Spellcasting
 + Level 1.5 Conjurations
 + Level 1.5 Hexes
 + Level 1.5 Summonings
 + Level 1.5 Necromancy
 + Level 5.6 Translocations
 + Level 1.5 Transmutations
 + Level 1.5 Fire Magic
 + Level 1.5 Ice Magic
 + Level 1.5 Air Magic
 + Level 1.5 Earth Magic
 + Level 1.5 Poison Magic
 + Level 2.2 Invocations
 + Level 2.0 Evocations


You had 12 spell levels left.
You knew the following spells:

 Your Spells              Type           Power      Damage    Failure   Level
a - Necrotise             Necr           28%        1d5       22%         1
b - Blink                 Tloc           32%        N/A       6%          2

Your spell library contained the following spells:

 Spells                   Type           Power      Damage    Failure   Level
 Lesser Beckoning         Tloc           32%        N/A       6%          2
 Teleport Other           Tloc           16%        N/A       13%         3
 Sting                    Tmut/Pois      28%        1d4       22%         1
 Vhi's Electric Charge    Tloc/Air       22%        N/A       30%         3
 Poisonous Vapours        Pois/Air       14%        N/A       34%         2
 Sublimation of Blood     Necr           7%         N/A       34%         2
 Manifold Assault         Tloc           16%        N/A       38%         4
 Vampiric Draining        Necr           7%         2d6       56%         3
 Animate Dead             Necr           7%         N/A       92%         4
 Olgreb's Toxic Radiance  Pois           7%         N/A       92%         4


Dungeon Overview and Level Annotations

Branches:
Dungeon (4/15)
 Temple: D:4-7

Altars:
Kikubaaqudgha
Okawaru

Shops:
D:1 :


Innate Abilities, Weirdness & Mutations

You have very sharp teeth.
Your uncanny sense of smell can sniff out nearby items.
Your experience applies equally to all skills.


Message History

You feel sick.
A hound comes into view.
You feel sick.
The ufetubus hits you but does no damage. x2
You miss the ufetubus. Your bite misses the ufetubus.
You feel sick.
The ufetubus hits you but does no damage. x2
The ufetubus closely misses you. The ufetubus hits you.
You hit the kobold brigand.
The kobold brigand is lightly wounded.
You feel sick. The ufetubus barely misses you. x2
The kobold brigand hits you with a +2 short sword of electrocution.
You are electrocuted!
The ufetubus completely misses you. The ufetubus barely misses you.
You hit the kobold brigand but do no damage.
The kobold brigand is lightly wounded.
You feel sick.
You are no longer poisoned.
The hound bites the demonic plant.
The demonic plant begins to die.
The ufetubus hits you. The ufetubus misses you.
The kobold brigand barely misses you.
The hound bites the demonic plant.
You are too injured to fight recklessly!
You barely miss the kobold brigand.
The kobold brigand is lightly wounded.
The ufetubus hits you. x2; The hound bites the demonic plant.
The kobold brigand completely misses you.
The ufetubus closely misses you. The ufetubus hits you.
You closely miss the kobold brigand.
The kobold brigand is lightly wounded.
The hound bites the demonic plant.
The ufetubus closely misses you.
The ufetubus hits you but does no damage.
The kobold brigand hits you with a +2 short sword of electrocution.
The hound bites the demonic plant.
You feel yourself speed up.
The ufetubus hits you but does no damage. x2
The hound bites the demonic plant.
The kobold brigand hits you with a +2 short sword of electrocution.
* * * LOW HITPOINT WARNING * * *
You are electrocuted!!
You die...
Kikubaaqudgha rasps: "You have failed me!
Welcome... death!"

#..##.######§P♣♣.####.#
#..##.##########.####.#
#..##..............##.#
#......#########.#.##.##
#......................#....
#........................≈§.
####...####...######.#.#§≈≈.
#...# #...######.#..PPP.
#...# #@..........>.#...
........P5K.............##
##.#..P..h...#######.##.##
...........# #.##.##
.#.........# #. #. #
#.####....# # #. #..#.. # #
#..#.## .


You could see a kobold brigand, a hound and an ufetubus.

Vanquished Creatures
  3 orc priests (D:3)
  An orc wizard (D:3)
  3 gnolls (D:4)
  2 adders
  2 shadow imps (D:4)
  A white imp (D:4)
  A dart slug (D:3)
  12 orcs (D:3)
  2 endoplasms (D:1)
  2 giant cockroaches
  3 goblins
  4 hobgoblins
  7 jackals (D:3)
  4 quokkas
  5 ball pythons
  6 bats
  A frilled lizard (D:2)
  4 kobolds
  6 rats
69 creatures vanquished.

Vanquished Creatures (collateral kills)
  An orc priest (D:3)
  An orc (D:3)
2 creatures vanquished.

Vanquished Creatures (others)
  A rat (D:1)
  4 demonic plants (D:4)
5 creatures vanquished.

Grand Total: 76 creatures vanquished

Notes
Turn   | Place    | Note
-------+----------+-------------------------------------------
     0 | D:1      | epen the Gnoll Warper began the quest for the Orb.
     0 | D:1      | Reached XP level 1. HP: 20/20 MP: 6/6
    32 | D:1      | Found a faded altar of an unknown god.
    51 | D:1      | Prayed at the altar of an unknown god.
    51 | D:1      | Became a worshipper of Kikubaaqudgha
    51 | D:1      | Reached * piety under Kikubaaqudgha
    51 | D:1      | Received a gift from Kikubaaqudgha
   109 | D:1      | Found Jyiph's Book Boutique.
   170 | D:1      | Reached XP level 2. HP: 26/26 MP: 7/7
   571 | D:1      | Learned a level 1 spell: Necrotise
  1028 | D:2      | Reached skill level 5 in Spellcasting
  1028 | D:2      | Reached XP level 3. HP: 29/31 MP: 7/9
  1167 | D:2      | Reached skill level 1 in Invocations
  1266 | D:2      | Identified the +1 leather armour of Urenann {+Inv Str+2}
  1521 | D:2      | Found an iron altar of Okawaru.
  1837 | D:3      | Learned a level 2 spell: Blink
  1863 | D:3      | Reached skill level 1 in Short Blades
  1863 | D:3      | Reached skill level 1 in Axes
  1863 | D:3      | Reached skill level 1 in Maces & Flails
  1863 | D:3      | Reached skill level 1 in Polearms
  1863 | D:3      | Reached skill level 1 in Staves
  1863 | D:3      | Reached skill level 1 in Ranged Weapons
  1863 | D:3      | Reached skill level 1 in Stealth
  1863 | D:3      | Reached skill level 1 in Shields
  1863 | D:3      | Reached skill level 1 in Unarmed Combat
  1863 | D:3      | Reached skill level 1 in Evocations
  1979 | D:3      | Reached XP level 4. HP: 25/38 MP: 4/11
  1988 | D:3      | Reached skill level 1 in Conjurations
  1988 | D:3      | Reached skill level 1 in Hexes
  1988 | D:3      | Reached skill level 1 in Summonings
  1988 | D:3      | Reached skill level 1 in Necromancy
  1988 | D:3      | Reached skill level 1 in Transmutations
  1988 | D:3      | Reached skill level 1 in Fire Magic
  1988 | D:3      | Reached skill level 1 in Ice Magic
  1988 | D:3      | Reached skill level 1 in Air Magic
  1988 | D:3      | Reached skill level 1 in Earth Magic
  1988 | D:3      | Reached skill level 1 in Poison Magic
  2188 | D:3      | Reached XP level 5. HP: 35/43 MP: 12/12
  2348 | D:3      | Reached XP level 6. HP: 47/50 MP: 13/13
  2687 | D:4      | Reached ** piety under Kikubaaqudgha
  2782 | D:4      | Reached skill level 5 in Fighting
  2782 | D:4      | Reached skill level 5 in Long Blades
  2782 | D:4      | Reached skill level 5 in Dodging
  2946 | D:4      | Mangled by a kobold brigand

Illustrated notes

Levels and vault maps discovered:
D:1:      dpeg_arrival_fog, layout_loops_ring,
          nicolae_ecumenical_snake_handling, serial_shops, shop
D:2:      layout_basic, basic_altar, minmay_misc_feat_rugged, minivault_25,
          dreamdust_princess_corridor, patterned_corridor
D:3:      layout_basic
D:4:      layout_basic, lemuel_coloured_pillars_altar,
          mainiacjoe_overflow_24_doors, nicolae_overflow_squiral,
          minmay_temple_entry_overgrown, serial_demonic, serial_demonic_e,
          serial_demonic_e, serial_demonic_f, serial_demonic_b,
          serial_demonic_b, serial_demonic_g, serial_demonic_g,
          serial_demonic_b, uniq_blork_the_orc

Skill      XL: |  1  2  3  4  5  6 |
---------------+-------------------+-----
Spellcasting   | 5 |  5.4
Invocations    | 1 2 |  2.2
Short Blades   | 1 2 |  2.0
Axes           | 1 2 |  2.0
Maces & Flails | 1 2 |  2.0
Polearms       | 1 2 |  2.0
Staves         | 1 2 |  2.0
Ranged Weapons | 1 2 |  2.0
Stealth        | 1 2 |  2.0
Shields        | 1 2 |  2.0
Unarmed Combat | 1 2 |  2.0
Evocations     | 1 2 |  2.0
Conjurations   | 1 |  1.5
Hexes          | 1 |  1.5
Summonings     | 1 |  1.5
Necromancy     | 1 |  1.5
Transmutations | 1 |  1.5
Fire Magic     | 1 |  1.5
Ice Magic      | 1 |  1.5
Air Magic      | 1 |  1.5
Earth Magic    | 1 |  1.5
Poison Magic   | 1 |  1.5
Throwing       | 3 |  3.2
Armour         | 3 |  3.2
Fighting       | 5 |  5.0
Long Blades    | 5 |  5.0
Dodging        | 5 |  5.0
Translocations | |  5.6

Action                     |  1- 3 |  4- 6 || total
---------------------------+-------+-------++-------
  Melee: Falchion          |   124 |   102 ||   226
         Bite              |    11 |    12 ||    23
         Punch             |     3 |     1 ||     4
   Cast: Necrotise         |    19 |     4 ||    23
 Invoke: Unearth Wretches  |     3 |       ||     3
    Use: Potion            |     3 |     1 ||     4
         Scroll            |       |     7 ||     7
   Stab: Paralysed         |     3 |       ||     3
         Sleeping          |     1 |       ||     1
 Armour: Leather armour    |    46 |       ||    46
         Ring mail         |    21 |    32 ||    53
  Dodge: Dodged            |   124 |    70 ||   194

Table legend: (Time is in decaauts)
 A = Elapsed time spent in this place.
 B = Non-inter-level travel time spent in this place.
 C = Inter-level travel time spent in this place.
 D = Time resting spent in this place.
 E = Time spent auto-exploring this place.
 F = Levels seen in this place.
 G = Mean time per level.
                   A        B        C        D        E       F      G
               +--------+--------+--------+--------+--------+-----+--------+
         Total |   2960 |   2918 |     42 |    292 |   2091 |   4 |  740.0 |
       Dungeon |   2960 |   2918 |     42 |    292 |   2091 |   4 |  740.0 |
               +--------+--------+--------+--------+--------+-----+--------+

Top non-repeatable levels by time:
     D:2: 955 daAuts
     D:3: 896 daAuts
     D:1: 835 daAuts
     D:4: 272 daAuts
